 Dungeon Crawl Stone Soup version 0.30-a0-634-g8abc85282e (webtiles) character file.

Game seed: 1787427871955786564

3 holysushi the Shield-Bearer (level 1, 18/19 HPs)
             Began as a Meteoran Fighter on Jan 15, 2023.
             Quit the game on level 1 of the Dungeon.
             The game lasted 00:00:11 (38 turns).

holysushi the Shield-Bearer (Meteoran Fighter)        Turns: 38, Time: 00:00:11

Health: 18/19      AC:  6    Str: 17    XL:     1   Next: 71%
Magic:  2/2        EV:  9    Int:  9    God:
Gold:   0          SH:  5    Dex: 13    Spells: 0/0 levels left

rFire   . . .      SeeInvis .    a - +0 rapier
rCold   . . .      Faith    .    c - +0 buckler
rNeg    . . .      Spirit   .    b - +0 scale mail
rPois   .          Reflect  .    (no helmet)
rElec   .          Harm     .    (no cloak)
rCorr   .          Rampage  .    (no gloves)
Will    .....                    (no boots) Stlth
                                 (no amulet)
HPRegen 0.23/turn                (no ring)
MPRegen 0.08/turn                (no ring)

@: glowing
A: sense surroundings 1, otherworldly, glowing, explore regen
a: no special abilities


You were on level 1 of the Dungeon.
You visited 1 branch of the dungeon, and saw 1 of its levels.

Inventory:

Hand Weapons
 a - a +0 rapier (weapon)
Armour
 b - a +0 scale mail (worn)
 c - a +0 buckler (worn)
Scrolls
 e - a scroll of identify {unknown}
Potions
 d - a potion of might


   Skills:
 - Level 3.2 Fighting
 + Level 2.5 Short Blades
 - Level 3.6 Armour
 - Level 3.6 Shields


You couldn't memorise any spells.
You didn't know any spells.
Your spell library was empty.

Dungeon Overview and Level Annotations

Branches:
Dungeon (1/15) Zot: 561

Altars:


Innate Abilities, Weirdness & Mutations

You passively map a small area around you.
You are easily found by Zot.
You glow in the dark.
You regain HP and MP as you explore.


Message History

Things that are here:
a +0 mace; a kobold corpse No target in view!
Things that are here:
a +0 mace; a kobold corpse
There is an open door here.
HP restored.
There is an open door here.
You open the door.
There is an open door here.
As you open the door, it creaks loudly! 2 goblins come into view.
The goblin shouts! x2
The goblin throws a stone.
The stone hits you.
The goblin moves out of view.
A goblin is nearby!
A goblin is nearby!
A goblin is nearby!
A goblin is nearby!
There is an open door here.
You hit the goblin.
The goblin is moderately wounded.
You block the goblin's attack. The goblin hits you but does no damage.
You hit the goblin.
The goblin is severely wounded.
You block the goblin's attack. The goblin hits you.
You hit the goblin.
You kill the goblin!
The goblin hits you.
You hit the goblin.
The goblin is severely wounded.
The goblin hits you but does no damage.
You completely miss the goblin.
The goblin is severely wounded.
The goblin hits you but does no damage. You block the goblin's attack.
You hit the goblin.
You kill the goblin!
Things that are here:
5 stones; a goblin corpse No target in view!
Are you sure you want to abandon this character and quit the game? (Confirm with "yes".)

* **###≈≈≈≈≈≈≈### *
,* #≈≈§.....≈§§# * ,
, #........)§.# ,*
######'###### , #####
###8'8#8### *
,##≈..###.........##
* *
,#≈≈..##...........##
* ,
,#≈..(##............#
,
+≈.@('8.....<.......
,#§...#'.)..........#
, *
#≈§§.##...........##
* ##≈..###.).......##
*##### ####8+8#### *
* * ##+## *** * , , ~
* * ~ *


There were no monsters in sight!

Vanquished Creatures
  A kobold (D:1)
  2 goblins (D:1)
3 creatures vanquished.

Notes
Turn   | Place    | Note
-------+----------+-------------------------------------------
     0 | D:1      | holysushi the Meteoran Fighter began the quest for the Orb.
     0 | D:1      | Reached XP level 1. HP: 19/19 MP: 2/2
    38 | D:1      | Quit the game

Illustrated notes

Levels and vault maps discovered:
D:1:      dpeg_arrival_morbid_curiosity, layout_basic

Action                   || total
-------------------------++-------
Melee: Rapier            ||    11
Armor: Scale mail        ||     4
Dodge: Dodged            ||     2
Block: Buckler           ||     4

Table legend: (Time is in decaauts)
 A = Elapsed time spent in this place.
 B = Non-inter-level travel time spent in this place.
 C = Inter-level travel time spent in this place.
 D = Time resting spent in this place.
 E = Time spent auto-exploring this place.
 F = Levels seen in this place.
 G = Mean time per level.
                   A        B        C        D        E       F      G
               +--------+--------+--------+--------+--------+-----+--------+
         Total |     39 |     39 |      0 |      0 |     14 |   1 |   39.0 |
       Dungeon |     39 |     39 |      0 |      0 |     14 |   1 |   39.0 |
               +--------+--------+--------+--------+--------+-----+--------+

Top non-repeatable levels by time:
     D:1: 39 daAuts
